AoeStats
← 笨包特爱玩

Black Forest

510318202Analyzed
4v4 RM · 15h ago on Sep 30, 2026· 47m 25s· 8 players
Game mode
Random Map
Map size
Large (8 player)
Population
200
Speed
Normal
Resources
Standard
Victory
Conquest
Starting age
Dark Age
Ending age
Imperial Age
RankedLock teamsTeams togetherTeam positionsShared explorationLock speedFull tech treeHidden civsTurbo modeCheats
Victory
Defeat
🇮🇳 Britons · India
1014
+15
🇲🇽 Goths · Mexico
1000
+45
🇪🇸 Mongols · Spain
980
+16
🇨🇳 Bohemians · China
959
+17
🇨🇳 Persians · China
997
-16
🇨🇳 Saxons · China
980
-16
🇨🇳 Italians · China
979
-16
🇨🇳 Bulgarians · China
964
-15
hrxexe
5:17 Loom
11:36 Feudal Age
15:23 Castle Age
15:21 Double-Bit Axe
21:48 Wheelbarrow
24:06 Hand Cart
23:51 Gold Mining
24:00 Town Watch
30:26 Imperial Age
27:57 Town Patrol
35:34 Padded Archer Armor
37:00 Fletching
40:46 Bodkin Arrow
41:23 Town Patrol
42:30 Bracer
42:45 Leather Archer Armor
45:40 Murder Holes
LaoWoo
0:27 Loom
12:14 Feudal Age
17:05 Castle Age
15:10 Double-Bit Axe
16:15 Horse Collar
18:52 Town Watch
20:32 Gambesons
26:25 Wheelbarrow
29:03 Town Patrol
36:26 Imperial Age
34:11 Squires
33:56 Arson
34:17 Scale Mail Armor
34:27 Forging
35:06 Stone Mining
35:06 Gold Mining
35:38 Chain Mail Armor
35:58 Iron Casting
35:45 Masonry
37:31 Hand Cart
37:34 Bow Saw
37:32 Heavy Plow
38:40 Conscription
40:17 Plate Mail Armor
40:48 Blast Furnace
39:53 Gold Mining
40:38 Stone Shaft Mining
41:09 Onager
42:32 Siege Onager
43:32 Pikeman
46:04 Chemistry
45:10 Siege Engineers
天地银行行长
14:01 Feudal Age
23:34 Castle Age
30:55 Man-at-Arms
34:03 Scale Mail Armor
怒头堵紧
10:16 Feudal Age
12:58 Loom
15:58 Castle Age
14:34 Horse Collar
14:42 Double-Bit Axe
32:34 Imperial Age
31:46 Wheelbarrow
30:56 Town Watch
31:34 Gold Mining
31:34 Stone Mining
31:52 Heavy Plow
32:18 Bow Saw
32:22 Forging
32:17 Scale Barding Armor
33:00 Hand Cart
33:13 Hand Cart
33:59 Chain Barding Armor
34:06 Conscription
35:06 Plate Barding Armor
35:06 Iron Casting
33:53 Elite War Elephant
34:47 Husbandry
36:18 Gold Shaft Mining
36:18 Stone Shaft Mining
36:16 Crop Rotation
37:00 Two-Man Saw
36:25 Bloodlines
37:17 Blast Furnace
41:25 Light Cavalry
41:25 Cavalier
43:37 Guilds
Valstrax
11:22 Feudal Age
15:25 Castle Age
14:21 Double-Bit Axe
14:18 Horse Collar
14:50 Gold Mining
17:48 Heavy Plow
20:38 Fervor
22:11 Wheelbarrow
23:07 Bow Saw
26:48 Gold Shaft Mining
30:09 Imperial Age
28:42 Hand Cart
28:31 Stone Mining
29:13 Fletching
29:24 Padded Archer Armor
30:13 Bodkin Arrow
31:17 Warwolf
31:37 Conscription
31:38 Yeomen
32:41 Ballistics
33:22 Chemistry
32:40 Fortified Wall
32:56 Bracer
33:11 Leather Archer Armor
35:09 Ring Archer Armor
34:40 Scale Mail Armor
34:51 Forging
34:44 Squires
34:30 Arson
34:07 Pikeman
35:37 Loom
36:07 Elite Longbowman
36:31 Treadmill Crane
37:43 Siege Engineers
37:56 Chain Mail Armor
37:39 Halberdier
40:53 Plate Mail Armor
40:58 Iron Casting
44:04 Block Printing
44:16 Illumination
44:28 Theocracy
45:00 Blast Furnace
笨包特爱玩
4:38 Loom
10:29 Feudal Age
10:37 Man-at-Arms
11:06 Double-Bit Axe
15:57 Forging
17:27 Scale Mail Armor
22:16 Castle Age
21:26 Fishing Lines
21:56 Horse Collar
23:37 Wheelbarrow
23:22 Bow Saw
22:40 Long Swordsman
27:58 Squires
28:15 Chain Mail Armor
30:44 Gillnets
37:16 Imperial Age
35:16 Hand Cart
35:06 Gold Mining
37:04 Town Watch
38:47 Pikeman
40:32 Chemistry
39:53 Ballistics
39:32 Halberdier
39:34 Heavy Scorpion
40:40 Conscription
42:06 Two-Man Saw
41:55 Iron Casting
41:31 Perfusion
43:57 Blast Furnace
43:02 Anarchy
44:23 Fletching
44:00 Elite Huskarl
JOSEMI27
9:26 Loom
11:36 Feudal Age
17:26 Castle Age
21:10 Horse Collar
21:20 Double-Bit Axe
25:07 Wheelbarrow
26:34 Heavy Plow
27:05 Bow Saw
28:04 Hand Cart
28:04 Fletching
28:21 Scale Barding Armor
29:22 Bloodlines
29:13 Husbandry
33:39 Imperial Age
31:59 Ballistics
31:44 Gold Mining
31:47 Stone Mining
32:42 Thumb Ring
34:21 Chain Barding Armor
33:58 Bodkin Arrow
34:04 Padded Archer Armor
36:19 Elite Mangudai
37:21 Conscription
37:24 Drill
39:40 Chemistry
39:09 Parthian Tactics
38:50 Bracer
39:06 Leather Archer Armor
39:48 Onager
秋天的老丝瓜
2:02 Loom
11:00 Feudal Age
11:58 Double-Bit Axe
19:07 Castle Age
17:46 Fishing Lines
21:52 Town Watch
22:56 Gillnets
23:53 Wheelbarrow
23:35 Squires
22:57 Pikeman
24:24 Town Patrol
25:19 Scale Mail Armor
26:18 Horse Collar
29:09 Hand Cart
28:55 Heavy Plow
29:54 Chain Mail Armor
29:50 Forging
29:34 Arson
30:22 Padded Archer Armor
30:14 Fletching
30:50 Ballistics
30:58 Bow Saw
32:07 Fortified Wall
34:10 Chemistry
33:06 Murder Holes
33:21 Masonry
37:25 Imperial Age
36:08 Iron Casting
35:49 Leather Archer Armor
36:25 Wagenburg Tactics
37:02 Bodkin Arrow
37:24 Leather Archer Armor
37:44 Masonry
37:38 Halberdier
38:52 Plate Mail Armor
39:23 Blast Furnace
38:57 Siege Engineers
40:08 Ring Archer Armor
40:36 Houfnice
43:44 Two-Man Saw
45:07 Conscription
45:39 Elite Hussite Wagon
Connection lost

Rejoining the realm…

Still unreachable

The connection could not be restored.

Session expired

The server has moved on; the page needs a fresh start.